 Dungeon Crawl Stone Soup version 0.31-a0-246-g8cbcc1cb85 (webtiles) character file.

Game seed: 13763465764111942475

40 qw the Shooter (level 3, 0/29 HPs)
             Began as a Minotaur Hexslinger on July 12, 2023.
             Slain by a bat (1 damage)
             ... on level 2 of the Dungeon.
             The game lasted 00:00:22 (895 turns).

qw the Shooter (Minotaur Hexslinger)                 Turns: 895, Time: 00:00:22

Health: 0/29       AC:  2    Str: 12    XL:     3   Next: 30%
Magic:  3/3        EV: 12    Int: 10    God:
Gold:   77         SH:  0    Dex: 14    Spells: 3/4 levels left

rFire   . . .        Y - +1 sling
rCold   + . .        (no shield)
rNeg    . . .        c - +0 robe
rPois   .            (helmet restricted)
rElec   .            (no cloak)
rCorr   .            (no gloves)
SInv    .            (no boots)
Will    .....        (no amulet)
Stlth   +            h - ring of protection from cold
HPRegen 0.24/turn    (no ring)
MPRegen 0.08/turn

%: no passive effects
@: no status effects
A: horns 2, retaliatory headbutt
a: no special abilities


You were on level 2 of the Dungeon.
You visited 1 branch of the dungeon, and saw 2 of its levels.

You collected 77 gold pieces.


Innate Abilities, Weirdness & Mutations

You have a pair of horns on your head.
You reflexively headbutt those who attack you in melee.


   Skills:
 - Level 2.0 Fighting
 + Level 3.9 Ranged Weapons
 - Level 2.1 Dodging
 - Level 1.0 Spellcasting
 - Level 2.0 Hexes


You had 3 spell levels left.
You knew the following spells:

 Your Spells              Type           Power      Damage    Failure   Level
a - Slow                  Hex            16%        N/A       16%         1

Your spell library contained the following spells:

 Spells                   Type           Power      Damage    Failure   Level
 Inner Flame              Hex/Fire       2%         N/A       56%         3
 Portal Projectile        Hex/Tloc       4%         N/A       56%         3
 Cause Fear               Hex            2%         N/A       83%         4

Inventory:

Hand Weapons
 Y - a +1 sling (weapon)
Armour
 c - a +0 robe (worn)
Jewellery
 h - a ring of protection from cold (left hand)
Scrolls
 a - a scroll of identify
 b - a scroll of blinking {unknown}
Potions
 d - a potion of invisibility {unknown}
 g - a potion of curing

Dungeon Overview and Level Annotations

Branches:
Dungeon (2/15)

Altars:


Message History

The worm is severely wounded.
The jackal bites you. The ball python bites you.
The ball python closely misses you. The worm barely misses you.
You shoot a sling bullet. The sling bullet hits the worm.
The worm is almost dead.
The jackal bites you but does no damage.
The ball python barely misses you. The ball python misses you.
The jackal bites you but does no damage.
The worm bites you. The ball python barely misses you.
The ball python grabs you. The ball python constricts you.
You shoot a sling bullet.
The sling bullet closely misses the ball python.
The jackal misses you. The ball python bites you.
The ball python constricts you. The jackal barely misses you.
You furiously retaliate!
You headbutt the jackal!
You kill the jackal!
The worm barely misses you. You furiously retaliate!
You headbutt the worm!
You kill the worm!
You shoot a sling bullet.
The sling bullet barely misses the ball python.
The ball python bites you. The ball python constricts you.
The ball python barely misses you. The ball python constricts you.
You shoot a sling bullet. The sling bullet hits the ball python.
The ball python is severely wounded.
The ball python barely misses you. The ball python constricts you.
You shoot a sling bullet. The sling bullet hits the ball python.
You kill the ball python!
The bat hits you but does no damage. The bat barely misses you.
You shoot a sling bullet. The sling bullet hits the bat.
The bat is heavily wounded.
The bat closely misses you.
You shoot a sling bullet. The sling bullet misses the bat.
The bat hits you.
You shoot a sling bullet.
The sling bullet closely misses the bat.
The bat completely misses you.
You shoot a sling bullet.
The sling bullet closely misses the bat.
The bat hits you.
You die...

#.#..# #.....# #. ..
.#.[# #.....# #. .#
...# #.....# #. ..
#..# ##....# #. #.
#..# ####.# #.
#.###..########.# #.
##.##............##.#
#.
......)%...##.#...#.#
#.
#..#.#@#.###.......#
#>
#.)..b%#..####...###
#. ......####.# ##.##
## 8...8. #.# #.# #
..#.. #[# #.# # . ##.
#.# #.####### . #.#
#........ .. #.#
######### #.# #


You could see a bat.

Vanquished Creatures
  A worm (D:2)
  A dart slug (D:2)
  5 bats
  An endoplasm (D:1)
  4 goblins
  5 hobgoblins
  6 jackals
  A quokka (D:1)
  3 ball pythons (D:2)
  A frilled lizard (D:1)
  2 kobolds
  A rat (D:1)
31 creatures vanquished.

Notes
Turn   | Place    | Note
-------+----------+-------------------------------------------
     0 | D:1      | qw the Minotaur Hexslinger began the quest for the Orb.
     0 | D:1      | Reached XP level 1. HP: 16/16 MP: 1/1
     0 | D:1      | 0 ||| qw: Version: 0.3-a-52-g30416fa
     0 | D:1      | 0 ||| qw: Game counter: 6245
     0 | D:1      | 0 ||| qw: Melee chars always use a shield: true
     0 | D:1      | 0 ||| qw: God list: Okawaru
     0 | D:1      | 0 ||| qw: Allow faded altars: false
     0 | D:1      | 0 ||| qw: Do Orc after clearing Dungeon:15 true
     0 | D:1      | 0 ||| qw: Do second Lair branch before Depths: true
     0 | D:1      | 0 ||| qw: Lair rune preference: random
     0 | D:1      | 0 ||| qw: Goals: Normal
     0 | D:1      | 0 ||| PLANNING D:1-11
   126 | D:1      | Reached skill level 3 in Ranged Weapons
   126 | D:1      | Reached XP level 2. HP: 23/23 MP: 2/2
   140 | D:1      | HP: 5/23 [jackal (2)]
   741 | D:1      | 741 ||| UPGRADING to ring of protection from cold.
   742 | D:1      | 742 ||| READING 2 scrolls labelled ILISUCUIRO.
   743 | D:1      | 743 ||| READING scroll labelled WUALEV COCAUXA.
   747 | D:1      | 747 ||| READING scroll labelled LODOUD VUFEDO.
   748 | D:1      | 748 ||| DRINKING 2 murky inky potions.
   749 | D:1      | 749 ||| DROPPING scroll of poison.
   775 | D:2      | Reached XP level 3. HP: 26/29 MP: 3/3
   888 | D:2      | HP: 6/29 [ball python (2)]
   889 | D:2      | HP: 2/29 [constriction (1)]
   895 | D:2      | Slain by a bat

Levels and vault maps discovered:
D:1:      lemuel_arrival_funnel, layout_rooms, serial_rivers,
          chequers_serial_rivers_micro_c, chequers_serial_rivers_small_b,
          chequers_serial_rivers_room_a, chequers_serial_rivers_small_a,
          st_stairs_3
D:2:      layout_loops_ring, minmay_misc_feat_four_crosses

Skill      XL: |  1  2 |
---------------+-------+-----
Ranged Weapons | 3 |  3.9
Fighting       | 2 |  2.0
Dodging        | |  2.1
Spellcasting   | |  1.0
Hexes          | |  2.0

Action                     || total
---------------------------++-------
   Fire: Sling             ||    94
    Use: Scroll            ||     3
         Potion            ||     1
 Armour: Robe              ||    15
  Dodge: Dodged            ||    66

Table legend:
 A = Non-vault XP
 B = Vault XP
 C = Vault XP percentage of total XP
 D = Non-vault monster count
 E = Vault monster count
 F = Vault count percentage of total count
                 A         B        C        D         E       F
            +---------+---------+-------+---------+---------+-------
      Total |      55 |       3 |   5.2 |      29 |       2 |   6.5
            +---------+---------+-------+---------+---------+-------
        D:1 |      31 |       3 |   8.8 |      17 |       2 |  10.5
        D:2 |      24 |       0 |   0.0 |      12 |       0 |   0.0
            +---------+---------+-------+---------+---------+-------
